PAA
LANNISTER UNITED LIONHEARTS @ ATHLETIC CLUB KC ACADEMY
07/19/2025
 
TOP OF THE 1ST
Lannister United Lionhearts batting - Pitching for Athletic Club KC Academy : RHP Álex Bane
Pitching: RHP Álex Bane
Batting: LHB Jon Baxter 0-0: Swinging Strike
0-1: Called Strike
0-2: Ball
1-2: Ball
2-2: Ball
3-2: Base on Balls
Batting: LHB António Boccanegra 0-0: Foul Ball, location: 2F
0-1: Ball
1-1: Ball
2-1: Called Strike
2-2: Ball
3-2: Fly out, F7 (Flyball, 7)
Batting: RHB Tony Martínez 0-0: SINGLE (Flyball, 78S)
Jon Baxter to second
Batting: LHB Gonzalo Álvarez 0-0: Fly out, F8 (Flyball, 8LM)
Batting: SHB Corey Neace 0-0: Called Strike
0-1: Foul Ball, location: 2F
0-2: Ball
1-2: Foul Ball, location: 2F
1-2: Foul Ball, location: 2F
1-2: Ball
2-2: Fly out, F4 (Popup, 4D)
Top of the 1st over - 0 run(s), 1 hit(s), 0 error(s), 2 left on base; Lannister United 0 - Athletic Club KC Academy 0
BOTTOM OF THE 1ST
Athletic Club KC Academy batting - Pitching for Lannister United Lionhearts : RHP Ángel Salazar
Pitching: RHP Ángel Salazar
Batting: RHB Filip Huigen 0-0: Foul Ball, location: 2F
0-1: Ball
1-1: Ball
2-1: SINGLE (Line Drive, 4M)
Batting: SHB Sang-your Yu 0-0: Ball
1-0: Hit by Pitch
Filip Huigen to second
Batting: RHB Nathaniel Gault 0-0: Called Strike
Filip Huigen steals 3rd base
Sang-your Yu to second
0-1: Called Strike
0-2: Ball
1-2: Foul Ball, location: 2F
1-2: Ball
2-2: Fly out, F8 (Flyball, 8RM)
Runner from 3rd tags up, SCORES, no throw
Batting: LHB Tony García 0-0: Called Strike
0-1: Fly out, F8 (Flyball, 8RM)
Batting: LHB Michael Landry 0-0: Ball
1-0: Ball
2-0: Called Strike
2-1: Ground out 4-3 (Groundball, 4M)
Bottom of the 1st over - 1 run(s), 1 hit(s), 0 error(s), 1 left on base; Lannister United 0 - Athletic Club KC Academy 1
TOP OF THE 2ND
Lannister United Lionhearts batting - Pitching for Athletic Club KC Academy : RHP Álex Bane
Batting: RHB Bruce Ingilby 0-0: Ball
1-0: Called Strike
1-1: Swinging Strike
1-2: Foul Ball, location: 2F
1-2: Ball
2-2: Ball
3-2: SINGLE (Flyball, 6MD)
Batting: LHB Walter Frampton 0-0: Called Strike
0-1: Foul Ball, location: 2F
0-2: SINGLE (Line Drive, 4M)
Bruce Ingilby to second
Batting: LHB José Tamayo 0-0: Ball
1-0: Ball
2-0: Ball
3-0: Base on Balls
Bruce Ingilby to third
Walter Frampton to second
Batting: RHB Jason Compton 0-0: Called Strike
0-1: Ball
1-1: Ball
2-1: Called Strike
2-2: Ball
3-2: Strikes out swinging
Batting: LHB Jon Baxter 0-0: Ball
1-0: Ball
2-0: Foul Ball, location: 2F
2-1: Grounds into double play, 4-6-3 (Groundball, 4)
Top of the 2nd over - 0 run(s), 2 hit(s), 0 error(s), 2 left on base; Lannister United 0 - Athletic Club KC Academy 1
BOTTOM OF THE 2ND
Athletic Club KC Academy batting - Pitching for Lannister United Lionhearts : RHP Ángel Salazar
Batting: RHB Iván Chacón 0-0: Ground out 5-3 (Groundball, 56S)
Batting: LHB Enrique Miranda 0-0: Ground out 3-1 (Groundball, 34)
Batting: RHB José Flores 0-0: Called Strike
0-1: Ball
1-1: SINGLE (Popup, 4D)
Batting: RHB Felipe Pabalate 0-0: Called Strike
0-1: Ball
1-1: Fielders Choice at 2nd, 5-4 (Groundball, 5)
Bottom of the 2nd over - 0 run(s), 1 hit(s), 0 error(s), 0 left on base; Lannister United 0 - Athletic Club KC Academy 1
TOP OF THE 3RD
Lannister United Lionhearts batting - Pitching for Athletic Club KC Academy : RHP Álex Bane
Batting: LHB António Boccanegra 0-0: Ball
1-0: Foul Ball, location: 2F
1-1: Foul Ball, location: 2F
1-2: Strikes out swinging
Batting: RHB Tony Martínez 0-0: Called Strike
0-1: Ball
1-1: Called Strike
1-2: Ball
2-2: Ball
3-2: Foul Ball, location: 2F
3-2: Fly out, F8 (Flyball, 89M)
Batting: LHB Gonzalo Álvarez 0-0: Ground out 4-3 (Groundball, 34D)
Top of the 3rd over - 0 run(s), 0 hit(s), 0 error(s), 0 left on base; Lannister United 0 - Athletic Club KC Academy 1
BOTTOM OF THE 3RD
Athletic Club KC Academy batting - Pitching for Lannister United Lionhearts : RHP Ángel Salazar
Batting: RHB Filip Huigen 0-0: Foul Ball, location: 2F
0-1: Swinging Strike
0-2: Ball
1-2: Ball
2-2: Foul Ball, location: 2F
2-2: Foul Ball, location: 2F
2-2: Foul Ball, location: 2F
2-2: Foul Ball, location: 2F
2-2: Foul Ball, location: 2F
2-2: Ball
3-2: Ground out 5-3 (Groundball, 5)
Batting: SHB Sang-your Yu 0-0: Ball
1-0: Called Strike
1-1: Ground out 6-3 (Groundball, 6)
Batting: RHB Nathaniel Gault 0-0: Foul Ball, location: 2F
0-1: Called Strike
0-2: Foul Ball, location: 2F
0-2: Ball
1-2: Ball
2-2: Ground out 5-3 (Groundball, 56)
Bottom of the 3rd over - 0 run(s), 0 hit(s), 0 error(s), 0 left on base; Lannister United 0 - Athletic Club KC Academy 1
TOP OF THE 4TH
Lannister United Lionhearts batting - Pitching for Athletic Club KC Academy : RHP Álex Bane
Batting: SHB Corey Neace 0-0: Ball
1-0: Ball
2-0: Ball
3-0: Called Strike
3-1: Fly out, F7 (Flyball, 78M)
Batting: RHB Bruce Ingilby 0-0: Called Strike
0-1: Swinging Strike
0-2: Fly out, F7 (Line Drive, 7S)
Batting: LHB Walter Frampton 0-0: Called Strike
0-1: Ball
1-1: Called Strike
1-2: Foul Ball, location: 2F
1-2: Ball
2-2: Ball
3-2: Strikes out swinging
Top of the 4th over - 0 run(s), 0 hit(s), 0 error(s), 0 left on base; Lannister United 0 - Athletic Club KC Academy 1
BOTTOM OF THE 4TH
Athletic Club KC Academy batting - Pitching for Lannister United Lionhearts : RHP Ángel Salazar
Batting: LHB Tony García 0-0: Fly out, F9 (Flyball, 9)
Batting: LHB Michael Landry 0-0: Swinging Strike
0-1: Ball
1-1: Foul Ball, location: 2F
1-2: Ball
2-2: Strikes out swinging
Batting: RHB Iván Chacón 0-0: Called Strike
0-1: Ball
1-1: Ball
2-1: Ball
3-1: Ground out 6-3 (Groundball, 6M)
Bottom of the 4th over - 0 run(s), 0 hit(s), 0 error(s), 0 left on base; Lannister United 0 - Athletic Club KC Academy 1
TOP OF THE 5TH
Lannister United Lionhearts batting - Pitching for Athletic Club KC Academy : RHP Álex Bane
Batting: LHB José Tamayo 0-0: Swinging Strike
0-1: Fly out, F7 (Flyball, 7LM)
Batting: RHB Jason Compton 0-0: Called Strike
0-1: Ball
1-1: Foul Ball, location: 2F
1-2: Ball
2-2: Foul Ball, location: 2F
2-2: Foul Ball, location: 2F
2-2: Foul Ball, location: 2F
2-2: Strikes out swinging
Batting: LHB Jon Baxter 0-0: Fly out, F7 (Flyball, 7)
Top of the 5th over - 0 run(s), 0 hit(s), 0 error(s), 0 left on base; Lannister United 0 - Athletic Club KC Academy 1
BOTTOM OF THE 5TH
Athletic Club KC Academy batting - Pitching for Lannister United Lionhearts : RHP Ángel Salazar
Batting: LHB Enrique Miranda 0-0: Swinging Strike
0-1: Ball
1-1: Fly out, F8 (Flyball, 78M)
Batting: RHB José Flores 0-0: Called Strike
0-1: Foul Ball, location: 2F
0-2: Ball
1-2: Ground out 5-3 (Groundball, 5S)
Batting: RHB Felipe Pabalate 0-0: Foul Ball, location: 2F
0-1: Fly out, F2 (Popup, 23)
Bottom of the 5th over - 0 run(s), 0 hit(s), 0 error(s), 0 left on base; Lannister United 0 - Athletic Club KC Academy 1
TOP OF THE 6TH
Lannister United Lionhearts batting - Pitching for Athletic Club KC Academy : RHP Álex Bane
Batting: LHB António Boccanegra 0-0: Ball
1-0: Ball
2-0: Foul Ball, location: 2F
2-1: Foul Ball, location: 2F
2-2: Ball
3-2: Strikes out swinging
Pitching: RHP Rich Gibbs
Batting: RHB Tony Martínez 0-0: SINGLE (Groundball, 6D)
Batting: LHB Gonzalo Álvarez 0-0: Ball
1-0: Called Strike
1-1: Ball
2-1: Foul Ball, location: 2F
2-2: Ball
3-2: Foul Ball, location: 2F
3-2: DOUBLE (Flyball, 8RXD)
Tony Martínez to third
Runner from 3rd tries for Home, SAFE, throw made home
Batting: SHB Corey Neace 0-0: Ball
1-0: Ball
2-0: Ball
3-0: Swinging Strike
3-1: Base on Balls
Batting: RHB Bruce Ingilby 0-0: Ball
1-0: Ball
2-0: Fly out, F7 (Flyball, 7)
Batting: LHB Walter Frampton 0-0: Ground out 4-3 (Groundball, 34)
Top of the 6th over - 1 run(s), 2 hit(s), 0 error(s), 2 left on base; Lannister United 1 - Athletic Club KC Academy 1
BOTTOM OF THE 6TH
Athletic Club KC Academy batting - Pitching for Lannister United Lionhearts : RHP Ángel Salazar
Batting: RHB Filip Huigen 0-0: SINGLE (Flyball, 89S)
Batting: SHB Sang-your Yu 0-0: Called Strike
0-1: Foul Ball, location: 2F
0-2: Ball
1-2: Hit by Pitch
Filip Huigen to second
Batting: RHB Nathaniel Gault 0-0: Ball
1-0: Foul Ball, location: 2F
1-1: Foul Ball, location: 2F
1-2: Ball
2-2: SINGLE (Line Drive, 89M)
Filip Huigen to third
Sang-your Yu to second
Batting: LHB Tony García 0-0: Ball
1-0: Foul Ball, location: 2F
1-1: Ball
2-1: Ball
3-1: Foul Ball, location: 2F
3-2: Foul Ball, location: 2F
3-2: Strikes out swinging
Batting: LHB Michael Landry 0-0: Called Strike
0-1: Swinging Strike
0-2: Fly out, F8 (Flyball, 8LM)
Runner from 3rd tags up, SCORES, no throw
Batting: RHB Iván Chacón 0-0: Fielders Choice at 2nd, U4 (Groundball, 4M)
Bottom of the 6th over - 1 run(s), 2 hit(s), 0 error(s), 2 left on base; Lannister United 1 - Athletic Club KC Academy 2
TOP OF THE 7TH
Lannister United Lionhearts batting - Pitching for Athletic Club KC Academy : RHP Rich Gibbs
Batting: LHB José Tamayo 0-0: Ball
1-0: Foul Ball, location: 2F
1-1: Fly out, F8 (Flyball, 89D)
Batting: RHB Jason Compton 0-0: Called Strike
0-1: Ball
1-1: Ball
2-1: Called Strike
2-2: Fly out, F7 (Flyball, 7LS)
Batting: LHB Jon Baxter 0-0: Ball
1-0: Called Strike
1-1: Foul Ball, location: 2F
1-2: Ball
2-2: Ball
3-2: Foul Ball, location: 2F
3-2: Reached on error, E6 (Groundball, 6)
Batting: LHB António Boccanegra 0-0: Ball
1-0: Foul Ball, location: 2F
1-1: Foul Ball, location: 2F
1-2: Ball
2-2: Ball
3-2: Strikes out swinging
Top of the 7th over - 0 run(s), 0 hit(s), 1 error(s), 1 left on base; Lannister United 1 - Athletic Club KC Academy 2
BOTTOM OF THE 7TH
Athletic Club KC Academy batting - Pitching for Lannister United Lionhearts : RHP Ángel Salazar
Batting: LHB Enrique Miranda 0-0: Ball
1-0: Swinging Strike
1-1: Foul Ball, location: 2F
1-2: Ball
2-2: SINGLE (Groundball, 4MD)
Pitching: RHP Miguel Cervantes
Batting: RHB José Flores 0-0: Bunt - Flyout! F3
Pinch Hitting: SHB Eric Moore 0-0: Ball
1-0: Called Strike
1-1: Foul Ball, location: 2F
1-2: Foul Ball, location: 2F
1-2: Foul Ball, location: 2F
1-2: Ball
Enrique Miranda is caught stealing 2nd base
2-2: Foul Ball, location: 2F
2-2: Reached on error, E3 (Groundball, 34)
Pinch Hitting: RHB Jim Unknown 0-0: Ball
1-0: Called Strike
1-1: Ball
2-1: Fielders Choice at 2nd, 4-6 (Groundball, 4)
Bottom of the 7th over - 0 run(s), 1 hit(s), 1 error(s), 0 left on base; Lannister United 1 - Athletic Club KC Academy 2
TOP OF THE 8TH
Lannister United Lionhearts batting - Pitching for Athletic Club KC Academy : RHP Rich Gibbs
Pitching: LHP Jesús Márquez
Now at 2B: Jim Unknown
Now in LF: Eric Moore
Batting: RHB Tony Martínez 0-0: Ball
1-0: Ball
2-0: Called Strike
2-1: Called Strike
2-2: Ball
3-2: Base on Balls
Pinch Runner at 1st Martín Alejadre:
Batting: LHB Gonzalo Álvarez 0-0: Foul Ball, location: 2F
0-1: Ball
1-1: Called Strike
1-2: Strikes out swinging
Pinch Hitting: RHB Bartolo Martínez 0-0: Ball
1-0: Ball
2-0: Ball
3-0: Called Strike
3-1: SINGLE (Groundball, 56D)
Martín Alejadre to second
Pitching: RHP Dempster Kelly
Batting: RHB Bruce Ingilby 0-0: Reached on error, E6 (Groundball, 6)
Martín Alejadre to third
Bartolo Martínez to second
Pitching: LHP Salbatore Alejos
Pinch Hitting: RHB Alberto Blanco 0-0: Grounds into fielders choice 4-2 (Groundball, 4S)
Bartolo Martínez to third
Bruce Ingilby to second
Pinch Hitting: RHB Ron Morton 0-0: Ball
1-0: Ball
2-0: Foul Ball, location: 2F
2-1: Ball
3-1: Fly out, F8 (Line Drive, 8LM)
Top of the 8th over - 0 run(s), 1 hit(s), 1 error(s), 3 left on base; Lannister United 1 - Athletic Club KC Academy 2
BOTTOM OF THE 8TH
Athletic Club KC Academy batting - Pitching for Lannister United Lionhearts : RHP Miguel Cervantes
Now at 1B: Martín Alejadre
Now in LF: Ron Morton
Now in CF: Roberto Vázquez
Now in RF: Evan Nelson
Batting: SHB Sang-your Yu 0-0: Ball
1-0: Ball
2-0: Called Strike
2-1: Ball
3-1: Foul Ball, location: 2F
3-2: Foul Ball, location: 2F
3-2: Base on Balls
Pinch Hitting: SHB Allen Williams 0-0: Called Strike
0-1: Called Strike
0-2: Ball
1-2: SINGLE (Groundball, 6MD)
Sang-your Yu to second
Runner from 2nd tries for 3rd, OUT!
Batting: LHB Tony García 0-0: Ball
1-0: Fly out, F8 (Flyball, 8RD)
Batting: LHB Michael Landry 0-0: Ball
1-0: Fly out, F9 (Flyball, 9LM)
Bottom of the 8th over - 0 run(s), 1 hit(s), 0 error(s), 1 left on base; Lannister United 1 - Athletic Club KC Academy 2
TOP OF THE 9TH
Lannister United Lionhearts batting - Pitching for Athletic Club KC Academy : LHP Salbatore Alejos
Pitching: RHP Woody Lyons
Now at C: Allen Williams
Batting: RHB Jason Compton 0-0: Ground out U3 (Groundball, 34S)
Batting: LHB Jon Baxter 0-0: Called Strike
0-1: Foul Ball, location: 2F
0-2: Foul Ball, location: 2F
0-2: Foul Ball, location: 2F
0-2: SINGLE (Flyball, 78S) - OUT at second base trying to stretch hit.
Batting: LHB António Boccanegra 0-0: Ball
1-0: Foul Ball, location: 2F
1-1: Ball
2-1: Ball
3-1: Base on Balls
Batting: RHB Martín Alejadre 0-0: Foul Ball, location: 2F
0-1: Swinging Strike
0-2: Ball
1-2: Ground out 1-3 (Groundball, 15)
Top of the 9th over - 0 run(s), 1 hit(s), 0 error(s), 1 left on base; Lannister United 1 - Athletic Club KC Academy 2
Friday, December 30th, 2016 - OOTP Baseball 17.12 Build 75